 Dungeon Crawl Stone Soup version 0.28-a0-1594-ga885d4b3d6 (webtiles) character file.

Game seed: 17615399798535054562

459 a3don the Shield-Bearer (level 7, 0/44 HPs)
             Began as a Gargoyle Fighter on Jan 21, 2022.
             Was an Initiate of Okawaru.
             Killed by divine providence
             ... invoked by an orc priest
              (12 damage)
             ... on level 5 of the Dungeon.
             The game lasted 00:05:11 (5047 turns).

a3don the Shield-Bearer (Gargoyle Fighter)          Turns: 5047, Time: 00:05:12

Health: 0/44       AC: 12    Str: 28    XL:     7   Next: 6%
Magic:  0/7        EV:  9    Int:  8    God:    Okawaru [......]
Gold:   279        SH:  4    Dex:  9    Spells: 6/6 levels left

rFire   . . .      SeeInvis .   a - +0 war axe
rCold   . . .      Faith    .   c - +0 buckler
rNeg    + . .      Spirit   +   x - +0 scale mail
rPois   ∞          Reflect  .   (no helmet)
rElec   +          Harm     .   (no cloak)
rCorr   .          Rampage  .   (no gloves)
Will    .....                   (no boots)
Stlth   ..........              n - amulet of guardian spirit
HPRegen 0.14/turn               l - ring of wizardry
MPRegen 0.10/turn               t - +6 ring of strength

@: no status effects
A: sickness immunity, AC +4, negative energy resistance 1, electricity
resistance, torment resistance 1, petrification resistance
a: Renounce Religion


You were on level 5 of the Dungeon.
You worshipped Okawaru.
Okawaru was noncommittal.
You visited 2 branches of the dungeon, and saw 6 of its levels.

You collected 279 gold pieces.

Inventory:

Hand Weapons
 a - a +0 war axe (weapon)
 b - a +2 hunting sling of flaming
Missiles
 e - 44 stones
 h - 2 poisoned darts (quivered)
Armour
 c - a +0 buckler (worn)
 r - a +0 troll leather armour {Pargi}
 x - a +0 scale mail (worn)
Jewellery
 l - a ring of wizardry (left hand)
 n - an amulet of guardian spirit (around neck)
 t - a +6 ring of strength (right hand)
 w - a ring of protection from cold
Scrolls
 f - 7 scrolls of teleportation {unknown}
 i - 3 scrolls of blinking {unknown}
 j - a scroll of fog {unknown}
 k - a scroll of noise {unknown}
 m - 2 scrolls of fear {unknown}
 o - a scroll of immolation {unknown}
 q - 3 scrolls of identify {unknown}
 y - a scroll of amnesia {unknown}
Potions
 d - 3 potions of might
 g - 2 potions of curing {unknown}
 p - a potion of lignification {unknown}
 s - a potion of heal wounds {unknown}
 u - a potion of attraction {unknown}
 v - a potion of experience {unknown}


   Skills:
 + Level 5.1 Fighting
 + Level 3.6 Axes
 + Level 0.0 Slings
 + Level 5.0 Armour
 + Level 5.1 Shields


You had 6 spell levels left.
You didn't know any spells.
Your spell library contained the following spells:

 Spells                   Type           Power      Damage    Failure   Level
 Anguish                  Hex/Necr       0%         N/A       98%         4
 Enfeeble                 Hex            0%         N/A       100%        7
 Tukima's Dance           Hex            Unusable   N/A       N/A         3

Dungeon Overview and Level Annotations

Branches:
Dungeon (5/15)             Temple (1/1) D:4

Altars:
Ashenzari
Cheibriados
Dithmenos
Fedhas
Gozag
Hepliaklqana
Kikubaaqudgha
Makhleb
Nemelex Xobeh
Okawaru
Qazlal
Ru
Sif Muna
Trog
Uskayaw
Vehumet
Wu Jian
Xom
Yredelemnul
Zin
The Shining One

Shops:
D:2 [   D:4 :   D:5 (


Innate Abilities, Weirdness & Mutations

You are immune to sickness and miasma.
Your stone body is resilient. (AC +4)
You are immune to poison.
You resist negative energy. (rN+)
You are resistant to electric shocks. (rElec)
You are resistant to unholy torment.
You are immune to petrification.


Message History

The ufetubus hits you but does no damage.
You block the ufetubus's attack.
The ufetubus hits you but does no damage.
The ufetubus completely misses you.
You slash the ufetubus!
You kill the ufetubus!
Okawaru accepts your kill.
The orc priest invokes the aid of Beogh against you.
Beogh smites you!
An orc comes into view. It is wielding a +0 trident.
The orc shouts!
You hear a shout!
The orc priest hits you but does no damage.
You closely miss the orc priest.
The orc priest hits you with a +0 falchion.
An orc priest comes into view. It is wielding a +0 mace.
You barely miss the orc priest.
The orc priest hits you with a +0 falchion.
You block the orc priest's attack.
An orc comes into view. It is wielding a +2 mace of protection.
You closely miss the orc priest.
The orc priest mumbles some strange prayers to Beogh against you.
Beogh smites you!
* * * LOW HITPOINT WARNING * * *
You block the orc priest's attack.
You hear an angry hiss.
You are too injured to fight recklessly!
You are too injured to fight recklessly!
You completely miss the orc priest. You block the orc priest's attack.
You block the orc's attack.
You slash the orc priest!
The orc priest is severely wounded.
A water moccasin comes into view.
The orc priest looks satisfied for a moment.
The orc hits you but does no damage. The orc priest barely misses you.
You slash the orc priest!
You kill the orc priest!
Okawaru accepts your kill.
The orc priest mumbles some strange prayers to Beogh against you.
Beogh smites you!
You die...

#....#..##..#
#....#.......
#....#.<.....
#....#######'
####......... .
#......... ...
#.........
..Soo##########.........
#.o.@................
#...)............####
#................#
#................#
#................#
##########.......####
#.......#...
#.......'...
#.......####


You could see a water moccasin, an orc priest and 2 orcs.

Vanquished Creatures
  Pargi (D:3)
  A phantom (D:3)
  A centaur (D:5)
  An orc priest (D:5)
  A bullfrog skeleton (D:5)
  A centaur skeleton (D:4)
  6 adders
  An ufetubus (D:5)
  3 worms (D:2)
  2 dart slugs
  2 orcs (D:3)
  11 ball pythons
  4 bats
  14 endoplasms
  A giant cockroach (D:2)
  7 goblins
  6 hobgoblins
  5 jackals
  6 kobolds
  A quokka (D:3)
  2 frilled lizards (D:2)
  A quokka skeleton (D:4)
  6 rats
84 creatures vanquished.

Notes
Turn   | Place    | Note
-------+----------+-------------------------------------------
     0 | D:1      | a3don the Gargoyle Fighter began the quest for the Orb.
     0 | D:1      | Reached XP level 1. HP: 14/14 MP: 1/1
    78 | D:1      | Reached XP level 2. HP: 19/19 MP: 2/2
   769 | D:1      | Found a faded altar of an unknown god.
   779 | D:1      | Reached XP level 3. HP: 9/23 MP: 3/3
  1651 | D:2      | Reached XP level 4. HP: 23/29 MP: 4/4
  2443 | D:2      | Found Hays's Antique Armour Shop.
  2679 | D:3      | Noticed a phantom
  2695 | D:3      | Killed a phantom
  2696 | D:3      | Reached XP level 5. HP: 6/34 MP: 2/5
  3447 | D:3      | Noticed Pargi
  3463 | D:3      | Killed Pargi
  3464 | D:3      | Reached XP level 6. HP: 28/39 MP: 6/6
  4174 | D:4      | Found Ruofriv's Book Shop.
  4210 | D:4      | Found a staircase to the Ecumenical Temple.
  4286 | Temple   | Entered the Ecumenical Temple
  4528 | Temple   | Became a worshipper of Warmaster Okawaru
  4690 | D:5      | Entered Level 5 of the Dungeon
  4832 | D:5      | Reached skill level 5 in Fighting
  4832 | D:5      | Reached skill level 5 in Armour
  4832 | D:5      | Reached skill level 5 in Shields
  4832 | D:5      | Reached XP level 7. HP: 43/44 MP: 5/7
  4969 | D:5      | Found Giarojun's Antique Weapon Shop.
  5047 | D:5      | Killed from afar by an orc priest

Illustrated notes

Levels and vault maps discovered:
D:1:      wander_arrival_fairy_ring, layout_rooms,
          dreamdust_ecumenical_altar_hidden_monk_grotto
D:2:      layout_basic, serial_shops, nicolae_shop_advertising_works
          [nicolae_subvault_shop_adworks]
D:3:      minmay_chambers_of_threes, layout_basic, uniq_pargi
D:4:      layout_rooms, temple_doors_e, serial_shops, shop
D:5:      layout_gridville, ebering_ghost_sewer_d, serial_shops, shop,
          uniq_blork_the_orc
Temple:   mainiacjoe_temple_archimedes_tessellation

Skill      XL: |  1  2  3  4  5  6 |
---------------+-------------------+-----
Axes           | 2 3 |  3.6
Armour         | 4 5 |  5.0
Shields        | 4 5 |  5.1
Fighting       | 4 5 |  5.1

Action                   |  1- 3 |  4- 6 |  7- 9 || total
-------------------------+-------+-------+-------++-------
Melee: War axe           |    94 |   151 |    10 ||   255
Armor: Scale mail        |    64 |    87 |     9 ||   160
Dodge: Dodged            |    53 |    98 |     5 ||   156
Block: Buckler           |    17 |    42 |     5 ||    64

Table legend: (Time is in decaauts)
 A = Elapsed time spent in this place.
 B = Non-inter-level travel time spent in this place.
 C = Inter-level travel time spent in this place.
 D = Time resting spent in this place.
 E = Time spent auto-exploring this place.
 F = Levels seen in this place.
 G = Mean time per level.
                   A        B        C        D        E       F      G
               +--------+--------+--------+--------+--------+-----+--------+
         Total |   5147 |   4940 |    207 |   1067 |   3186 |   6 |  857.8 |
       Dungeon |   4873 |   4710 |    163 |   1067 |   2977 |   5 |  974.6 |
        Temple |    274 |    231 |     43 |      0 |    209 |   1 |  274.0 |
               +--------+--------+--------+--------+--------+-----+--------+

Top non-repeatable levels by time:
     D:2: 1557 daAuts
     D:3: 1405 daAuts
     D:1: 1059 daAuts
     D:4: 487 daAuts
     D:5: 363 daAuts
  Temple: 274 daAuts
